Map: Berlingrad LE

Players

Pumba - Winner!

  • Race: Protoss Protoss
  • League: Master
  • Spawn Location: 5:00

Steffan

  • Race: Protoss Protoss
  • League: Master
  • Spawn Location: 11:00

VOD

Have the link to the VOD?

Description

Time

  • Played on: March 22, 2022, 9:43 p.m.
  • Length: 10:58
Show
View Real Time Build Order
Export as new Build Order

Pumba Protoss - Winner!

Build Orders: Phoenix Opening, Blink Stalkers 

Get SALT Encoding   

  12  0:00  Probe  
  13  0:12  Probe  
  14  0:17  Pylon  
  14  0:27  Probe (Chrono Boost)  
  15  0:37  Gateway  
  15  0:39  Probe (Chrono Boost)  
  16  0:44  Assimilator  
  16  0:46  Probe (Chrono Boost)  
  17  0:54  Probe (Chrono Boost)  
  17  0:56  Assimilator  
  18  1:06  Probe (Chrono Boost)  
  19  1:14  Probe (Chrono Boost)  
  19  1:18  Gateway  
  20  1:21  Probe  
  20  1:25  Cybernetics Core  
  21  1:33  Probe  
  21  1:36  Pylon  
  22  1:45  Probe, Pylon  
  23  1:57  Probe  
  24  2:07  Warp Gate (Chrono Boost)  
  24  2:08  Stalker  
  24  2:09  Stalker  
  24  2:12  Probe  
  29  2:19  Pylon  
  29  2:29  Probe  
  30  2:39  Nexus  
  30  2:47  Sentry x2  
  34  2:58  Probe  
  35  3:03  Twilight Council  
  35  3:10  Probe  
  36  3:22  Phoenix  
  36  3:28  Probe  
  37  3:38  Blink (Chrono Boost)  
  37  3:43  Forge  
  37  3:45  Stalker  
  39  3:54  Probe (Chrono Boost)  
  39  3:55  Probe (Chrono Boost)  
  41  3:59  Sentry  
  44  4:03  Probe (Chrono Boost)  
  44  4:05  Shield Battery  
  44  4:06  Probe (Chrono Boost)  
  44  4:08  Probe (Chrono Boost)  
  45  4:15  Probe  
  47  4:20  Probe  
  48  4:32  Protoss Ground Weapons Level 1 (Chrono Boost)  
  48  4:33  Nexus, Probe  
  48  4:35  Stalker x2, Pylon  
  53  4:41  Probe  
  54  4:46  Assimilator  
  54  4:50  Pylon  
  54  4:53  Probe x2  
  54  4:56  Robotics Facility  
  56  5:06  Probe  
  58  5:07  Probe  
  58  5:17  Shield Battery  
  58  5:18  Probe  
  58  5:20  Gateway, Stalker  
  61  5:22  Gateway, Stalker  
  61  5:25  Probe  
  64  5:30  Probe  
  65  5:38  Probe (Chrono Boost)  
  66  5:46  Probe (Chrono Boost)  
  66  5:47  Probe (Chrono Boost)  
  70  5:50  Observer  
  70  5:55  Probe x2 (Chrono Boost)  
  72  5:58  Probe (Chrono Boost)  
  72  5:59  Gateway  
  72  6:01  Gateway  
  72  6:03  Gateway  
  72  6:05  Gateway  
  72  6:07  Probe x2  
  72  6:10  Warp Prism (Chrono Boost)  
  74  6:13  Pylon  
  76  6:18  Probe  
  76  6:19  Probe x2  
  79  6:27  Protoss Ground Weapons Level 2 (Chrono Boost), Stalker x3  
  79  6:31  Probe  
  86  6:33  Pylon  
  86  6:39  Observer, Stalker  
  88  6:42  Probe  
  87  6:50  Charge (Chrono Boost)  
  87  6:52  Stalker x3  
  91  7:04  Pylon  
  91  7:09  Nexus  
  91  7:12  Pylon  
  91  7:15  Probe, Pylon  
  92  7:18  Pylon x2  
  92  7:31  Nexus, Zealot  
  92  7:32  Zealot x5  
  100  7:40  Stalker  
  100  7:41  Stalker  
  104  7:44  Shield Battery, Probe  
  104  7:45  Probe  
  104  7:46  Probe  
  105  7:59  Stalker  
  105  8:00  Stalker x5  
  107  8:15  Zealot x2  
  91  8:29  Zealot x6  
  103  8:35  Probe  
  103  8:38  Probe  
  103  8:43  Probe x2  
  103  8:47  Probe  
  102  8:49  Observer (Chrono Boost)  
  102  8:50  Probe  
  105  8:55  Probe x2  
  105  8:56  Zealot x2  
  105  8:57  Zealot x6  
  105  8:59  Probe  
  119  9:21  Zealot x8  
  134  9:24  Probe  
  134  9:29  Gateway  
  134  9:31  Gateway  
  134  9:34  Gateway  
  134  9:38  Gateway  
  134  9:43  Pylon  
  134  9:47  Pylon  
  134  10:00  Nexus  
  134  10:01  Pylon  
  134  10:23  Dark Shrine  
  134  10:28  Photon Cannon  
  134  10:29  Photon Cannon  
  134  10:32  Pylon  
  134  10:33  Photon Cannon  
  134  10:35  Photon Cannon  
  134  10:36  Shield Battery  
  134  10:37  Shield Battery  
  134  10:42  Photon Cannon  
  134  10:45  Photon Cannon, Gateway  
  134  10:46  Shield Battery  
  134  10:50  Pylon  
Show
View Real Time Build Order
Export as new Build Order

Steffan Protoss 

Build Orders: Blink Stalkers 

Get SALT Encoding   

  12  0:00  Probe  
  13  0:12  Probe  
  14  0:20  Pylon  
  14  0:24  Probe  
  15  0:38  Probe (Chrono Boost)  
  15  0:39  Gateway  
  16  0:46  Probe (Chrono Boost)  
  16  0:47  Assimilator  
  17  0:52  Probe  
  18  1:04  Probe  
  19  1:27  Zealot  
  19  1:31  Cybernetics Core  
  21  1:36  Assimilator  
  21  1:37  Pylon  
  21  1:49  Probe  
  22  2:01  Probe  
  22  2:10  Nexus, Stalker (Chrono Boost)  
  24  2:21  Warp Gate  
  24  2:23  Shield Battery  
  24  2:29  Probe  
  25  2:35  Stalker (Chrono Boost)  
  25  2:41  Probe  
  28  2:50  Pylon  
  28  2:53  Probe  
  29  3:03  Stalker  
  31  3:10  Twilight Council  
  31  3:23  Probe (Chrono Boost)  
  31  3:24  Forge  
  31  3:25  Probe (Chrono Boost)  
  31  3:34  Gateway  
  31  3:35  Probe (Chrono Boost)  
  31  3:37  Probe (Chrono Boost)  
  33  3:43  Probe (Chrono Boost)  
  33  3:44  Probe (Chrono Boost)  
  35  3:49  Probe, Blink (Chrono Boost)  
  35  3:54  Probe  
  37  4:01  Probe  
  38  4:04  Protoss Ground Weapons Level 1 (Chrono Boost)  
  38  4:12  Sentry  
  40  4:18  Probe x2  
  42  4:30  Probe x2  
  44  4:32  Stalker  
  44  4:35  Pylon  
  46  4:41  Stalker  
  46  4:42  Probe x2  
  50  4:52  Pylon  
  50  4:54  Probe x2  
  51  5:03  Stalker  
  51  5:04  Stalker  
  55  5:09  Assimilator  
  55  5:10  Gateway x2  
  55  5:14  Probe  
  56  5:25  Probe  
  57  5:29  Probe  
  57  5:34  Stalker x2  
  62  5:38  Nexus  
  62  5:41  Pylon  
  62  5:47  Robotics Facility  
  62  5:51  Probe x2  
  64  5:57  Protoss Ground Weapons Level 2 (Chrono Boost)  
  64  5:58  Stalker x2  
  64  6:03  Probe  
  69  6:05  Shield Battery  
  69  6:09  Probe  
  69  6:11  Stalker x2  
  74  6:22  Probe  
  74  6:24  Pylon  
  75  6:25  Probe  
  75  6:28  Stalker  
  78  6:38  Gateway  
  78  6:39  Gateway  
  78  6:42  Gateway, Probe  
  78  6:43  Observer  
  78  6:54  Stalker x3  
  78  6:55  Stalker  
  78  6:58  Probe  
  87  7:02  Charge (Chrono Boost), Gateway  
  87  7:07  Photon Cannon  
  87  7:12  Probe, Photon Cannon  
  87  7:14  Photon Cannon  
  88  7:16  Probe  
  85  7:42  Stalker x6  
  95  7:45  Probe x2  
  95  7:46  Stalker  
  95  7:48  Probe  
  100  7:53  Pylon  
  100  7:57  Probe  
  101  7:59  Pylon  
  101  8:02  Pylon  
  101  8:05  Pylon  
  95  8:17  Zealot x6  
  69  8:38  Templar Archives  
  69  8:40  Zealot  
  69  8:41  Zealot x3  
  72  8:42  Probe  
  72  8:43  Zealot x2, Probe x2  
  72  8:44  Zealot x2  
  72  8:48  Pylon  
  77  8:49  Pylon  
  75  9:02  Zealot x4  
  71  9:06  Zealot x4  
  65  9:10  Probe x2  
  57  9:17  Immortal  
  57  9:19  Zealot  
  57  9:20  Zealot  
  58  9:28  Zealot x4  
Tags
 
Add a new tag
Caveats
  • Supply blocks, unpowered buildings, or Contaminate may cause inaccurate times.
  • Supply counts are checked every 10 seconds.